 Dungeon Crawl Stone Soup version 0.30-a0-371-gad7725a93e (webtiles) character file.

Game seed: 15827114360320990782

378 jfcaron the Shield-Bearer (level 7, -1/60 HPs)
             Began as a Meteoran Fighter on Nov 21, 2022.
             Was a Priest of Lugonu.
             Slain by Pikel
             ... wielding a +2 whip of electrocution
              (10 damage)
             ... on level 5 of the Dungeon.
             The game lasted 00:05:10 (1210 turns).

jfcaron the Shield-Bearer (Meteoran Fighter)        Turns: 1210, Time: 00:05:10

Health: -1/60      AC:  7    Str: 20    XL:     7   Next: 25%
Magic:  8/8        EV:  9    Int:  9    God:    Lugonu [***...]
Gold:   70         SH:  7    Dex: 20    Spells: 6/6 levels left

rFire   + . .      SeeInvis +    a - +0 war axe
rCold   + . .      Faith    .    c - +1 buckler
rNeg    . . .      Spirit   .    b - +0 scale mail
rPois   +          Reflect  .    (no helmet)
rElec   +          Harm     .    (no cloak)
rCorr   +          Rampage  .    (no gloves)
Will    .....                    (no boots)
Stlth   ..........               (no amulet)
HPRegen 0.30/turn                g - ring of see invisible
MPRegen 0.11/turn                j - +6 ring of dexterity

@: resistant, hasted, glowing, studying Short Blades, very quick
A: sense surroundings 1, otherworldly, glowing, explore regen
a: Renounce Religion, Depart the Abyss, Banish


You were on level 5 of the Dungeon.
You worshipped Lugonu.
Lugonu was most pleased with you.
You visited 1 branch of the dungeon, and saw 6 of its levels.

You collected 133 gold pieces.
You spent 63 gold pieces at shops.

Inventory:

Hand Weapons
 a - a +0 war axe (weapon)
Missiles
 m - 2 javelins
Armour
 b - a +0 scale mail (worn)
 c - a +1 buckler (worn)
Magical Staves
 e - a staff of air
Jewellery
 g - a ring of see invisible (left hand)
 j - a +6 ring of dexterity (right hand)
Scrolls
 l - a scroll of teleportation
 o - a scroll of fear
Potions
 d - a potion of might
 f - a potion of attraction
 h - 2 potions of invisibility
 i - a potion of cancellation
 q - a potion of lignification {unknown}
 r - a potion of brilliance {unknown}


   Skills:
 + Level 4.9 Fighting
 + Level 4.6 Axes
 + Level 5.3 Armour
 + Level 5.3 Shields
 + Level 0.0 Invocations


You had 6 spell levels left.
You didn't know any spells.
Your spell library was empty.

Dungeon Overview and Level Annotations

Branches:
Dungeon (6/15) Zot: 2318
 Temple: D:4-7

Altars:
Kikubaaqudgha
Ru
The Shining One
Lugonu

Shops:
D:4 *

Annotations:
D:5 Pikel


Innate Abilities, Weirdness & Mutations

You passively map a small area around you.
You are easily found by Zot.
You glow in the dark.
You regain HP and MP as you explore.


Message History

The orc priest shouts!
You block the lemure's attack.
Pikel hits you with a +2 whip of electrocution.
You are electrocuted!
The lemure closely misses you.
You climb upwards.
There is a stone staircase leading down here.
Unknown command.
You slash Pikel!
Pikel is lightly wounded.
You slash the lemure!
Pikel hits you with a +2 whip of electrocution.
You block the lemure's attack.
You miss Pikel.
Pikel is lightly wounded.
You hit the lemure.
Pikel says, "Hell isn't that bad."
Pikel hits you with a +2 whip of electrocution!
* * * LOW HITPOINT WARNING * * *
The lemure hits you.
* * * LOW HITPOINT WARNING * * *
It was a potion of haste.
You feel yourself speed up. You block the lemure's attack.
Pikel hits you with a +2 whip of electrocution.
* * * LOW HITPOINT WARNING * * *
It was a potion of curing.
You feel better. You block Pikel's attack.
The lemure hits you but does no damage.
You aren't carrying any items that you can evoke.
You feel protected.
You hit Pikel but do no damage.
Pikel is lightly wounded.
You hit the lemure but do no damage.
Pikel hits you with a +2 whip of electrocution.
* * * LOW HITPOINT WARNING * * *
You block the lemure's attack.
Unknown command.
You hit Pikel.
Pikel is moderately wounded.
You hit the lemure.
Pikel hits you with a +2 whip of electrocution!
You die...

.≈ ≈..§
.######.######...######
§≈.§≈..,#.....#..........#
,..§.. #.....#.####.##..#
#.#.##.....#.#....##..#
,+..............#####.## ,
#....#.....#..## #.#
,####.......#..# #.# *
###.....#5## #.# ,*
#....5K@# ### #.....###
#######


You could see Pikel and 2 lemures.

Vanquished Creatures
  2 centaurs (D:5)
  A jelly (D:5)
  2 hounds
  3 gnolls (D:5)
  3 adders
  2 worms
  3 dart slugs
  3 orcs
  3 bats
  2 endoplasms
  2 giant cockroaches
  4 goblins
  8 hobgoblins
  2 jackals (D:4)
  6 kobolds
  3 quokkas
  4 ball pythons
  A frilled lizard (D:2)
  A rat (D:1)
  A spectral hobgoblin (D:1)
56 creatures vanquished.

Notes
Turn   | Place    | Note
-------+----------+-------------------------------------------
     0 | D:1      | jfcaron the Meteoran Fighter began the quest for the Orb.
     0 | D:1      | Reached XP level 1. HP: 19/19 MP: 2/2
    85 | D:1      | Reached XP level 2. HP: 22/26 MP: 3/3
   146 | D:1      | Found a faded altar of an unknown god.
   155 | D:1      | Prayed at the altar of an unknown god.
   155 | D:1      | Became a worshipper of Lugonu the Unformed
   155 | D:1      | Reached * piety under Lugonu
   155 | D:1      | Reached ** piety under Lugonu
   228 | D:2      | Reached XP level 3. HP: 31/31 MP: 4/4
   382 | D:3      | Reached XP level 4. HP: 40/40 MP: 5/5
   540 | D:4      | Found Qyoclouxt's Assorted Antiques.
   544 | D:4      | Bought a scroll labelled MAOMID BYW MOE for 23 gold pieces
   544 | D:4      | Bought a brown potion for 20 gold pieces
   586 | D:4      | Reached XP level 5. HP: 34/46 MP: 6/6
   609 | D:4      | Found a sacrificial altar of Ru.
   841 | D:4      | Reached *** piety under Lugonu
   880 | D:4      | Found a glowing golden altar of the Shining One.
   913 | D:4      | Bought a fuming puce potion for 20 gold pieces
   924 | D:5      | Entered Level 5 of the Dungeon
   997 | D:5      | Reached XP level 6. HP: 38/53 MP: 7/7
  1028 | D:5      | Noticed a centaur
  1028 | D:5      | Noticed a centaur
  1039 | D:5      | Killed a centaur
  1040 | D:5      | Reached skill level 5 in Armour
  1040 | D:5      | Reached skill level 5 in Shields
  1047 | D:5      | Killed a centaur
  1048 | D:5      | Reached XP level 7. HP: 29/60 MP: 8/8
  1188 | D:5      | Found an ancient bone altar of Kikubaaqudgha.
  1198 | D:6      | Noticed Pikel
  1205 | D:5      | HP: 10/60 [Pikel/+2 whip of electrocution (12)]
  1210 | D:5      | Slain by Pikel

Illustrated notes

Levels and vault maps discovered:
D:1:      scummos_arrival_checkerplants, layout_basic,
          dreamdust_ecumenical_altar_drowned_temple, minmay_tetromino_i2
D:2:      layout_rooms, minmay_fractal_squares_gapless_5
D:3:      layout_basic
D:4:      layout_basic, tso_metal_star, hangedman_ru_absence, serial_shops,
          nicolae_shop_hallway_stairs, minmay_distorted
D:5:      layout_basic, mainiacjoe_overflow_six_doors_small,
          general_overflow_altar, mainiacjoe_overflow_small_starburst,
          serial_shops, shop, minmay_manual_mares
D:6:      layout_cave_pools, ashenzari_conservatory_becter, okawaru_gym_becter,
          mainiacjoe_overflow_alcove_1, nicolae_overflow_hidden_temple,
          minmay_temple_entry_mist, kennysheep_generic_room_15, uniq_pikel

Skill      XL: |  1  2  3  4  5  6 |
---------------+-------------------+-----
Shields        | 4 5 |  5.3
Armour         | 4 5 |  5.3
Axes           | 3 4 |  4.6
Fighting       | 4 |  4.9

Action                   |  1- 3 |  4- 6 |  7- 9 || total
-------------------------+-------+-------+-------++-------
Melee: War axe           |    63 |   108 |    15 ||   186
Throw: Javelin           |       |       |     2 ||     2
  Use: Scroll            |     3 |     7 |       ||    10
       Potion            |       |       |     3 ||     3
Armor: Scale mail        |    37 |    65 |     2 ||   104
Dodge: Dodged            |    22 |    50 |     4 ||    76
Block: Buckler           |    17 |    45 |    11 ||    73

Table legend: (Time is in decaauts)
 A = Elapsed time spent in this place.
 B = Non-inter-level travel time spent in this place.
 C = Inter-level travel time spent in this place.
 D = Time resting spent in this place.
 E = Time spent auto-exploring this place.
 F = Levels seen in this place.
 G = Mean time per level.
                   A        B        C        D        E       F      G
               +--------+--------+--------+--------+--------+-----+--------+
         Total |   1281 |   1210 |     71 |      0 |    700 |   6 |  213.5 |
       Dungeon |   1281 |   1210 |     71 |      0 |    700 |   6 |  213.5 |
               +--------+--------+--------+--------+--------+-----+--------+

Top non-repeatable levels by time:
     D:4: 365 daAuts
     D:5: 295 daAuts
     D:3: 282 daAuts
     D:1: 212 daAuts
     D:2: 120 daAuts
     D:6: 5 daAuts
